 Dungeon Crawl Stone Soup version 0.31-a0-844-gdc52ec4e09 (webtiles) character file.

Game seed: 15631954880896800035

424 BinkBink the Changeling (level 6, -5/47 HPs)
             Began as a Merfolk Shapeshifter on Sept 30, 2023.
             Slain by a wyvern (14 damage)
             ... on level 4 of the Dungeon.
             The game lasted 00:04:53 (2915 turns).

BinkBink the Changeling (Merfolk Shapeshifter)      Turns: 2915, Time: 00:04:53

Health: -5/47      AC:  6    Str: 15    XL:     6   Next: 96%
Magic:  6/6        EV: 13    Int: 14    God:
Gold:   48         SH:  4    Dex: 15    Spells: 5/5 levels left

rFire   + .          .
                       - Unarmed
rCold   x . .        p - +0 buckler
rNeg    + . .        a - +0 animal skin
rPois   +            (helmet currently unavailable)
rElec   .            (cloak currently unavailable)
rCorr   .            (gloves currently unavailable)
SInv    .            (boots currently unavailable)
Will    .....        (no amulet)
Stlth   ++           m - ring "Cofubeal" {rPois rF+ rC- rN+ Int+5}
HPRegen 0.27/turn    n - +4 ring of protection
MPRegen 0.10/turn

%: no passive effects
@: about to teleport, beast-form
A: beast (slay +3), (nimble swimmer 2), mertail
a: Begin Untransformation


You were on level 4 of the Dungeon.
You were a hulking beast.
You visited 1 branch of the dungeon, and saw 4 of its levels.

You collected 113 gold pieces.
You spent 65 gold pieces at shops.

Inventory:

Armour
 a - a +0 animal skin (worn)
 o - a +1 cloak of poison resistance
 p - a +0 buckler (worn)
Jewellery
 f - a ring of magical power
 m - the ring "Cofubeal" (left hand) {rPois rF+ rC- rN+ Int+5}
   (You found it on level 2 of the Dungeon)

   [ring of protection from fire]

   Int+5:     It affects your intelligence (+5).
   rF+:       It protects you from fire.
   rC-:       It makes you vulnerable to cold.
   rPois:     It protects you from poison rN+: It protects you from negative
   energy.
 n - a +4 ring of protection (right hand)
 s - a ring of magical power
Talismans
 c - a beast talisman (active)
 d - a flux talisman
Scrolls
 g - a scroll of fog
 h - a scroll of teleportation
 k - a scroll of amnesia {unknown}
 l - a scroll of vulnerability
 q - a scroll of revelation
 r - a scroll of noise {unknown}
 u - a scroll of torment {unknown}
Potions
 b - 5 potions of lignification
 j - a potion of attraction {unknown}
 t - a potion of curing {unknown}


   Skills:
 + Level 3.2 Fighting
 + Level 4.5 Dodging
 + Level 3.2 Stealth
 + Level 2.2 Shields
 + Level 4.4 Unarmed Combat
 + Level 5.2 Shapeshifting


You had 5 spell levels left.
You didn't know any spells.
Your spell library was empty.

Dungeon Overview and Level Annotations

Branches:
Dungeon (4/15)
 Temple: D:4-7

Altars:
Dithmenos
Qazlal
Yredelemnul

Shops:
D:3 ?

Annotations:
D:3 1 runed translucent door, Heedrag's ghost, amateur DsSh
D:4 4 runed translucent doors


Innate Abilities, Weirdness & Mutations

You are a hulking beast.
Your limbs bulge with bestial killing power. (Slay +3)
((You are very nimble when in or above water. (Stealth+, EV+, Speed+++)))
Your lower body shifts to a powerful aquatic tail in water.


Message History

You hit the goblin.
You kill the goblin!
You see here a +0 club.
You start resting.
An adder comes into view.
You hit the adder but do no damage. The adder bites you.
You are poisoned.
The adder poisons you!
You punch the adder!
The adder is severely wounded.
You feel sick. The adder closely misses you.
You barely miss the adder.
The adder is severely wounded.
You feel sick. The adder barely misses you.
You punch the adder!
You kill the adder!
You feel sick.
You start resting.
You feel sick. x4
You are no longer poisoned.
You start resting.
A wyvern comes into view.
You barely miss the wyvern.
The wyvern hisses angrily.
The wyvern closely misses you.
You completely miss the wyvern. The wyvern barely misses you.
The wyvern bites you!
* * * LOW HITPOINT WARNING * * *
Blink to where?
Press: ? - help, Dir - move target
As you read the scroll of blinking, it crumbles to dust.
As you read the scroll of teleportation, it crumbles to dust.
You feel strangely unstable.
You feel much better. The wyvern bites you!
You hit the wyvern but do no damage. The wyvern bites you.
* * * LOW HITPOINT WARNING * * *
You block the wyvern's attack.
You hit the wyvern.
The wyvern is lightly wounded.
The wyvern bites you!
You die...

################
#..............#
#.##........##.#
#.#..######†...#
######.#.##....##.###
.........#)## #.#
#........#..# #.#
...##++##hl.#.# #.# #.##8.c
####### #.# ##+##.#8....8#
##.# #.....#)....|# #..#
#.....#|....(# ######..#
#(....#8....8# #[.#.##.#
#.....##8.z8#####.##.#.#
###......##++##.'.##.#.#.#
##......#.......(##.#...#.#


You could see a wyvern.

Vanquished Creatures
  Edmund (D:4)
  A gnoll sergeant (D:4)
  A scorpion (D:4)
  A jelly (D:4)
  Jessica (D:3)
  An iguana (D:4)
  An adder (D:4)
  An ufetubus (D:4)
  A worm (D:3)
  5 orcs (D:4)
  7 ball pythons
  7 endoplasms
  3 giant cockroaches
  10 goblins
  9 hobgoblins
  4 jackals (D:2)
  6 kobolds
  4 quokkas
  2 bats
  A frilled lizard (D:3)
  6 rats
73 creatures vanquished.

Notes
Turn   | Place    | Note
-------+----------+-------------------------------------------
     0 | D:1      | BinkBink the Merfolk Shapeshifter began the quest for the
                  | Orb.
     0 | D:1      | Reached XP level 1. HP: 15/15 MP: 1/1
   227 | D:1      | Reached XP level 2. HP: 21/21 MP: 2/2
   387 | D:1      | Reached skill level 1 in Stealth
   613 | D:1      | Found a faded altar of an unknown god.
   911 | D:2      | Reached XP level 3. HP: 27/27 MP: 3/3
  1020 | D:2      | Identified the ring "Cofubeal" {rPois rF+ rC- rN+ Int+5}
  1535 | D:3      | Noticed Jessica
  1543 | D:3      | Killed Jessica
  1544 | D:3      | Reached XP level 4. HP: 26/33 MP: 4/4
  1642 | D:3      | Noticed Heedrag's ghost (amateur DsSh)
  1647 | D:3      | Found a runed translucent door.
  1669 | D:3      | Found Ibeoru's Magic Scroll Boutique.
  1677 | D:3      | Bought a scroll of teleportation for 39 gold pieces
  1677 | D:3      | Bought a scroll of identify for 26 gold pieces
  1836 | D:3      | Found a shadowy altar of Dithmenos.
  2252 | D:4      | Noticed Edmund
  2289 | D:4      | Killed Edmund
  2290 | D:4      | Reached skill level 1 in Shields
  2290 | D:4      | Reached XP level 5. HP: 21/39 MP: 5/5
  2454 | D:4      | Found a large runed translucent door.
  2454 | D:4      | Found a large runed translucent door.
  2457 | D:4      | Found a large runed translucent door.
  2457 | D:4      | Found a large runed translucent door.
  2459 | D:4      | Noticed a centaur
  2535 | D:4      | Reached XP level 6. HP: 20/46 MP: 6/6
  2631 | D:4      | Found a stormy altar of Qazlal.
  2634 | D:4      | Found a basalt altar of Yredelemnul.
  2702 | D:4      | Reached skill level 5 in Shapeshifting
  2908 | D:4      | Noticed a wyvern
  2915 | D:4      | Slain by a wyvern

Illustrated notes

Levels and vault maps discovered:
D:1:      dpeg_arrival_radiant, layout_basic,
          ebering_ecumenical_altar_sacrificial, minmay_quantized
D:2:      layout_basic
D:3:      layout_loops_ring, mainiacjoe_overflow_tiny_flanked,
          hellmonk_ghost_happy_afterlife, serial_shops,
          nicolae_shop_tiny_waterfront, uniq_jessica
D:4:      layout_basic, nicolae_overflow_squiral, minmay_temple_entry_wispy,
          minmay_strange_pillars, minmay_misc_feat_rugged,
          minmay_hollow_rounded_squares, uniq_edmund

Skill      XL: |  1  2  3  4  5  6 |
---------------+-------------------+-----
Dodging        | 3 4 |  4.5
Stealth        | 1 2 3 |  3.2
Fighting       | 2 3 |  3.2
Shields        | 1 2 |  2.2
Unarmed Combat | 4 |  4.4
Shapeshifting  | 5 |  5.2

Action                     |  1- 3 |  4- 6 || total
---------------------------+-------+-------++-------
  Melee: Unarmed           |   103 |   146 ||   249
    Use: Scroll            |       |     7 ||     7
         Potion            |       |     2 ||     2
   Stab: Sleeping          |     4 |     3 ||     7
 Armour: Animal skin       |    30 |    49 ||    79
  Dodge: Dodged            |    67 |    54 ||   121
  Block: Buckler           |     6 |    28 ||    34

Table legend: (Time is in decaauts)
 A = Elapsed time spent in this place.
 B = Non-inter-level travel time spent in this place.
 C = Inter-level travel time spent in this place.
 D = Time resting spent in this place.
 E = Time spent auto-exploring this place.
 F = Levels seen in this place.
 G = Mean time per level.
                   A        B        C        D        E       F      G
               +--------+--------+--------+--------+--------+-----+--------+
         Total |   2896 |   2808 |     88 |     30 |   2264 |   4 |  724.0 |
       Dungeon |   2896 |   2808 |     88 |     30 |   2264 |   4 |  724.0 |
               +--------+--------+--------+--------+--------+-----+--------+

Top non-repeatable levels by time:
     D:1: 882 daAuts
     D:4: 731 daAuts
     D:3: 645 daAuts
     D:2: 637 daAuts
